 Dungeon Crawl Stone Soup version 0.29-a0-330-g52719c12eb (webtiles) character file.

Game seed: 17587546194214302378

198 Aelig the Vexing (level 5, 0/28 HPs)
             Began as a Vampire Enchanter on May 19, 2022.
             Slain by a gnoll
             ... wielding a +0 club
              (4 damage)
             ... on level 3 of the Dungeon.
             The game lasted 00:09:53 (3505 turns).

Aelig the Vexing (Vampire Enchanter)                Turns: 3505, Time: 00:09:53

Health: 0/28       AC:  3    Str:  7    XL:     5   Next: 47%
Magic:  2/8        EV: 12    Int: 19    God:
Gold:   95         SH:  0    Dex: 15    Spells: 0/8 levels left

rFire   . . .      SeeInvis +   a - +1 dagger
rCold   + + .      Faith    .   (no shield)
rNeg    + + +      Spirit   .   o - +0 robe
rPois   ∞          Reflect  .   u - +0 helmet
rElec   .          Harm     .   (no cloak)
rCorr   .          Rampage  .   (no gloves)
Will    .....                   (no boots)
Stlth   +++++.....              (no amulet)
HPRegen 0.00/turn               (no ring)
MPRegen 0.11/turn               (no ring)

@: bloodless, inhibited regen
A: bloodless, fangs 3, see invisible, vampiric 2
a: Bat Form, Revivify


You were on level 3 of the Dungeon.
You visited 1 branch of the dungeon, and saw 4 of its levels.

You collected 95 gold pieces.

Inventory:

Hand Weapons
 a - a +1 dagger (weapon)
 b - a +2 short sword of draining
Missiles
 m - 106 stones (quivered)
Armour
 o - a +0 robe (worn)
 u - a +0 helmet (worn)
Wands
 d - a wand of charming (6)
Scrolls
 g - a scroll of fear {unknown}
 h - a scroll of brand weapon {unknown}
 i - a scroll of enchant armour {unknown}
 j - a scroll of torment {unknown}
 k - 2 scrolls of vulnerability
 n - 3 scrolls of teleportation
 p - 2 scrolls of amnesia
 q - a scroll of immolation {unknown}
 t - a scroll of magic mapping {unknown}
Potions
 c - 2 potions of invisibility
 e - 4 potions of curing
 f - a potion of resistance {unknown}
 l - 2 potions of brilliance
 r - 2 potions of cancellation {unknown}
 s - a potion of flight {unknown}
 v - a potion of degeneration {unknown}
 w - a potion of lignification {unknown}


   Skills:
 * Level 4.2 Short Blades
 - Level 2.1 Dodging
 + Level 4.6 Stealth
 - Level 2.0 Spellcasting
 + Level 7.0 Hexes


You couldn't memorise any spells.
You knew the following spells:

 Your Spells              Type           Power      Damage    Failure   Level
a - Ensorcelled Hibernat  Hex/Ice        30%        N/A       6%          2
b - Confusing Touch       Hex            28%        N/A       2%          3
c - Tukima's Dance        Hex            28%        N/A       2%          3

Your spell library contained the following spells:

 Spells                   Type           Power      Damage    Failure   Level
 Dazzling Flash           Conj/Hex       30%        N/A       12%         3
 Gell's Gravitas          Tloc           1%         N/A       45%         3
 Lesser Beckoning         Tloc           1%         N/A       45%         3
 Stone Arrow              Conj/Erth      2%         3d7       45%         3
 Teleport Other           Tloc           1%         N/A       45%         3
 Animate Armour           Summ/Erth      2%         N/A       86%         4
 Lehudib's Crystal Spear  Conj/Erth      0%         10d2      100%        8


Dungeon Overview and Level Annotations

Branches:
Dungeon (4/15)
 Temple: D:4-7

Altars:
Cheibriados

Annotations:
D:4 exclusion: ogre


Innate Abilities, Weirdness & Mutations

You do not regenerate when monsters are visible.
You are frail without blood (-20% HP).
You can heal yourself when you bite living creatures.
You are immune to poison.
You have razor-sharp teeth.
You have supernaturally acute eyesight. (SInv)
You are afflicted with vampirism and can become a bat while bloodless.


Message History

The gnoll hits you with a +0 club. x2
There is a stone staircase leading up here.
The gnoll hits you with a +0 club.
You climb upwards.
There is a stone staircase leading down here.
Casting: Ensorcelled Hibernation (safe; 6% risk of failure)
Confirm with . or Enter, or press ? or * to list all spells.
Aiming: Ensorcelled Hibernation (safe; 6% risk of failure)
Press: ? - help, Shift-Dir - straight line, f - gnoll
Aim: a gnoll, wielding a +0 club (chance to affect: 57%)
You miscast Ensorcelled Hibernation.
You are very lightly contaminated with residual magic.
Nothing appears to happen.
The gnoll hits you with a +0 club.
Casting: Ensorcelled Hibernation (safe; 6% risk of failure)
Confirm with . or Enter, or press ? or * to list all spells.
Aiming: Ensorcelled Hibernation (safe; 6% risk of failure)
Press: ? - help, Shift-Dir - straight line, f/p - gnoll
Aim: a gnoll, wielding a +0 club (chance to affect: 57%)
The gnoll resists with significant effort.
The gnoll hits you with a +0 club.
Casting: Ensorcelled Hibernation (safe; 6% risk of failure)
Confirm with . or Enter, or press ? or * to list all spells.
Your hands begin to glow red.
The gnoll hits you with a +0 club.
* * * LOW HITPOINT WARNING * * *
You barely miss the gnoll. Your bite misses the gnoll.
You hit the gnoll but do no damage. The gnoll hits you with a +0 club.
* * * LOW HITPOINT WARNING * * *
You barely miss the gnoll. The gnoll hits you with a +0 club.
* * * LOW HITPOINT WARNING * * *
You barely miss the gnoll. The gnoll hits you but does no damage.
You barely miss the gnoll. The gnoll barely misses you.
Your magical contamination has completely faded away.
You hit the gnoll but do no damage.
The gnoll appears confused.
You hit the gnoll.
The gnoll is moderately wounded.
The gnoll barely misses you.
You hit the gnoll.
The gnoll is moderately wounded.
The gnoll hits you with a +0 club.
You die...

############# #####
###########
............###..g#
#.........#
.##########.....@.#
#.#######.# .# #..##†..# #.#
#.# .# #..###.## #.# #.# .#
#..# #.# #.# #.# .#
########..###.######.#######.#
.#
#...................>...##....
.#
#.###########.##.##...........
.# #†# #.##.##.###.##.#.# .#
#.# #.##.##....#...#.#


You could see a gnoll (confused).

Vanquished Creatures
  An orc priest (D:3)
  An iron imp (D:3)
  3 gnolls (D:4)
  4 adders
  A worm (D:2)
  4 orcs
  3 bats
  5 endoplasms
  4 giant cockroaches
  6 goblins
  5 hobgoblins
  5 quokkas
  6 ball pythons
  12 frilled lizards
  7 kobolds
  4 rats
71 creatures vanquished.

Notes
Turn   | Place    | Note
-------+----------+-------------------------------------------
     0 | D:1      | Aelig the Vampire Enchanter began the quest for the Orb.
     0 | D:1      | Reached XP level 1. HP: 13/13 MP: 3/3
   357 | D:1      | Reached XP level 2. HP: 19/19 MP: 5/5
   360 | D:1      | Learned a level 2 spell: Ensorcelled Hibernation
   567 | D:1      | Reached skill level 5 in Hexes
  1258 | D:2      | Gained mutation: You are afflicted with vampirism and can
                  | become a bat while bloodless. [Vampire growth]
  1258 | D:2      | Reached XP level 3. HP: 24/24 MP: 6/6
  1613 | D:2      | Learned a level 3 spell: Confusing Touch
  1955 | D:2      | Reached XP level 4. HP: 15/24 MP: 7/7
  1964 | D:2      | Reached skill level 6 in Hexes
  2294 | D:3      | Found a snail-covered altar of Cheibriados.
  2397 | D:3      | Reached XP level 5. HP: 14/28 MP: 1/8
  3213 | D:4      | Learned a level 3 spell: Tukima's Dance
  3242 | D:4      | Noticed an ogre
  3339 | D:3      | Reached skill level 7 in Hexes
  3505 | D:3      | Slain by a gnoll

Illustrated notes

Levels and vault maps discovered:
D:1:      nzn_arrival_settlement, layout_basic
D:2:      layout_rooms, minmay_lizard_pond
D:3:      layout_loops_ring, slow_altar_1
D:4:      layout_basic, nicolae_elyvilon_peaceful_grove,
          pdpol_wu_jian_five_deadly_venoms

Skill      XL: |  1  2  3  4  5 |
---------------+----------------+-----
Hexes          | 5 6 7 |  7.0
Short Blades   | 2 3 4 |  4.2
Dodging        | |  2.1
Stealth        | |  4.6
Spellcasting   | |  2.0

Action                   |  1- 3 |  4- 6 || total
-------------------------+-------+-------++-------
Melee: Dagger            |   115 |    70 ||   185
       Bite              |    14 |     7 ||    21
       Short sword       |     2 |     3 ||     5
       Punch             |       |     2 ||     2
Throw: Stone             |     2 |       ||     2
 Cast: Ensorcelled Hiber |     9 |    13 ||    22
       Confusing Touch   |       |     5 ||     5
 Abil: Exsanguinate      |     1 |       ||     1
  Use: Scroll            |       |     5 ||     5
 Stab: Sleeping          |    14 |    11 ||    25
       Confused          |       |     3 ||     3
Armor: Robe              |    21 |     5 ||    26
Dodge: Dodged            |    71 |    28 ||    99

Table legend: (Time is in decaauts)
 A = Elapsed time spent in this place.
 B = Non-inter-level travel time spent in this place.
 C = Inter-level travel time spent in this place.
 D = Time resting spent in this place.
 E = Time spent auto-exploring this place.
 F = Levels seen in this place.
 G = Mean time per level.
                   A        B        C        D        E       F      G
               +--------+--------+--------+--------+--------+-----+--------+
         Total |   3486 |   3342 |    144 |    768 |   1603 |   4 |  871.5 |
       Dungeon |   3486 |   3342 |    144 |    768 |   1603 |   4 |  871.5 |
               +--------+--------+--------+--------+--------+-----+--------+

Top non-repeatable levels by time:
     D:2: 1278 daAuts
     D:1: 1065 daAuts
     D:3: 980 daAuts
     D:4: 162 daAuts
